 Dungeon Crawl Stone Soup version 0.30-a0-883-g5ad918d77d (webtiles) character file.

Game seed: 7459219695981423613

3447 pokedragonboy the Spear-Bearer (level 10, -5/86 (91) HPs)
             Began as a Naga Warper on Mar 16, 2023.
             Was a Priest of Cheibriados.
             Slain by a wight
             ... wielding a +4 war axe
              (6 damage)
             ... on level 8 of the Dungeon.
             The game lasted 00:28:52 (8054 turns).

pokedragonboy the Spear-Bearer (Naga Warper)        Turns: 8054, Time: 00:28:53

HP:   -5/86 (91)    AC: 12    Str: 17    XL:     10   Next: 6%
MP:   12/15         EV:  9    Int: 22    God:    Cheibriados [***...]
Gold: 300           SH:  3    Dex: 16    Spells: 9/16 levels left

rFire   + + +      SeeInvis +    t - +11 spear of Ynneeste {vamp, Drain rF+++ rCorr Str-5}
rCold   . . .      Faith    +    u - +0 buckler
rNeg    . . .      Spirit   .    h - +0 scale mail
rPois   +          Reflect  .    (no helmet)
rElec   .          Rampage  .    (no cloak)
rCorr   +                        q - +0 pair of gloves
Will    +....                    (no barding) Stlth
                                 n - amulet of faith
HPRegen 0.34/turn                H - +4 ring of protection
MPRegen 0.14/turn                B - ring of wizardry

@: on blink cooldown, drained, very slow
A: AC +3, large, see invisible, deformed body, poison resistance, slowness 2,
spit poison 1, naga tail 1
a: Spit Poison, Renounce Religion, Bend Time, Temporal Distortion


You were on level 8 of the Dungeon.
You worshipped Cheibriados.
Cheibriados was most pleased with you.
You visited 2 branches of the dungeon, and saw 9 of its levels.

You collected 300 gold pieces.

Inventory:

Hand Weapons
 k - a +2 halberd of protection
 t - the +11 spear of Ynneeste (weapon) {vamp, Drain rF+++ rCorr Str-5}
   (You found it on level 2 of the Dungeon)

   Str:       It affects your strength (-5).
   rF:        It renders you almost immune to fire.
   rCorr:     It protects you from acid and corrosion.
   Drain:     It drains your maximum health when unequipped.
Missiles
 d - 7 boomerangs of dispersal
 f - a curare-tipped dart
 N - 2 javelins
Armour
 h - a +0 scale mail (worn)
 q - a +0 pair of gloves (worn)
 u - a +0 buckler (worn)
 x - a +1 helmet
 y - a +0 plate armour
 D - a +0 tower shield
Jewellery
 n - an amulet of faith (around neck)
 A - a +5 ring of evasion
 B - a ring of wizardry (right hand)
 H - a +4 ring of protection (left hand)
 L - a ring of protection from cold
 M - a +6 ring of dexterity
 O - a ring of ice
Wands
 b - a wand of flame (26)
 w - a wand of charming (11)
 C - a wand of polymorph (9)
 F - a wand of light (10)
 K - a wand of mindburst (15)
Scrolls
 c - a scroll of silence {unknown}
 e - 3 scrolls of magic mapping
 i - a scroll of fear {unknown}
 o - a scroll of acquirement {unknown}
 p - 2 scrolls of fog
 z - a scroll of poison
 P - a scroll of brand weapon {unknown}
Potions
 g - 2 potions of brilliance
 j - a potion of might {unknown}
 l - 2 potions of mutation
 m - a potion of curing {unknown}
 s - a potion of lignification {unknown}
 v - 2 potions of flight {unknown}
 E - a potion of cancellation {unknown}
 G - 2 potions of magic
 I - a potion of haste {unknown}
 J - 2 potions of attraction {unknown}


   Skills:
 + Level 6.3 Fighting
 * Level 8.9 Polearms
 - Level 0.8 Throwing
 - Level 4.0 Armour
 + Level 5.2 Dodging
 + Level 3.6 Spellcasting
 + Level 4.5 Translocations


You had 9 spell levels left.
You knew the following spells:

 Your Spells              Type           Power      Damage    Failure   Level
a - Lesser Beckoning      Tloc           48%        N/A       4%          2
b - Teleport Other        Tloc           24%        N/A       9%          3
m - Blink                 Tloc           48%        N/A       4%          2

Your spell library contained the following spells:

 Spells                   Type           Power      Damage    Failure   Level
 Necrotise                Necr           16%        1d4       19%         1
 Vhi's Electric Charge    Tloc/Air       28%        N/A       22%         3
 Manifold Assault         Tloc           24%        N/A       28%         4
 Ignite Poison            Fire/Tmut/Pois 4%         N/A       47%         3
 Sticky Flame             Conj/Fire      4%         2d3       86%         4
 Ignition                 Fire           2%         3d3       100%        8


Dungeon Overview and Level Annotations

Branches:
Dungeon (8/15)             Temple (1/1) D:5
   Lair: D:8-11

Altars:
Ashenzari
Cheibriados
Dithmenos
Elyvilon
Fedhas
Gozag
Hepliaklqana
Kikubaaqudgha
Makhleb
Okawaru
Qazlal
Ru
Sif Muna
Trog
Uskayaw
Vehumet
Wu Jian
Xom
Yredelemnul
Zin
The Shining One

Annotations:
D:6 Pikel


Innate Abilities, Weirdness & Mutations

Your serpentine skin is tough. (AC +3)
You have supernaturally acute eyesight. (SInv)
Armour fits poorly on your strangely shaped body.
Your system is resistant to poisons. (rPois)
You cover ground very slowly.
You can spit poison.
You have a snake-like lower body.


Message History

The roots erupt in riotous growth!
The grasping roots grab you!
The wight is unaffected.
The grasping roots constrict you.
* * * LOW HITPOINT WARNING * * *
Unknown command.
You hit the wight but do no damage.
Unknown command.
You hit the wight but do no damage. The wight hits you with a +4 war axe!
* * * LOW HITPOINT WARNING * * *
You feel drained.
* * * LOW HITPOINT WARNING * * *
The grasping roots constrict you.
* * * LOW HITPOINT WARNING * * *
Unknown command.
Okay, then.
Okay, then.
Casting: Lesser Beckoning (safe; 4% risk of failure)
Confirm with . or Enter, or press ? or * to list all spells.
You escape the roots grasp.
You blink.
Okay, then.
You fail to use your ability.
The wight hits you with a +4 war axe!
* * * LOW HITPOINT WARNING * * *
You feel drained.
* * * LOW HITPOINT WARNING * * *
The wight barely misses you.
Okay, then.
Okay, then.
Okay, then.
You hit the wight but do no damage. The wight hits you with a +4 war axe.
* * * LOW HITPOINT WARNING * * *
You feel drained.
* * * LOW HITPOINT WARNING * * *
The wight hits you but does no damage.
Okay, then.
As you read the scroll labelled WUQE PAOTINUL, it crumbles to dust.
You hear a loud clanging noise!
It was a scroll of noise.
You hear two shouts!
The wight hits you with a +4 war axe.
You die...

#.#....<....
#........... ## ...
########.#.. ...# #.# ..
#..# #.# # #..# #.# #
.z### #.# ... .... #.#
.....####)# ######.##
.......@zz# #........
.....###z.######.#######
... #.ยง.......# #
###########


You could see 3 wights.

Vanquished Creatures
  A two-headed ogre (D:8)
  A deep elf pyromancer (D:7)
  2 ice beasts
  A black bear (D:5)
  A sky beast (D:7)
  An ogre (D:5)
  A centaur (D:8)
  A lemure (D:7)
  3 kobold brigands
  2 bullfrogs (D:7)
  A gnoll sergeant (D:8)
  2 scorpions
  4 wights
  A howler monkey (D:8)
  2 hounds
  A jelly (D:4)
  2 gnoll boudas
  3 orc priests
  A sleepcap (D:4)
  Jessica (D:3)
  5 iguanas
  Natasha (thrice) (D:3)
  5 orc wizards
  Robin (D:4)
  9 adders
  14 gnolls
  A shadow imp (D:8)
  3 white imps
  4 worms
  2 dart slugs
  23 orcs
  7 ball pythons
  4 bats
  7 endoplasms
  4 giant cockroaches
  16 goblins
  10 hobgoblins
  2 jackals (D:1)
  13 kobolds
  A quokka (D:4)
  2 frilled lizards (D:1)
  5 rats
173 creatures vanquished.

Vanquished Creatures (collateral kills)
  A wraith (D:7)
1 creature vanquished.

Vanquished Creatures (others)
  8 fungi (D:5)
  4 plants (D:5)
12 creatures vanquished.

Grand Total: 186 creatures vanquished

Notes
Turn   | Place    | Note
-------+----------+-------------------------------------------
     0 | D:1      | pokedragonboy the Naga Warper began the quest for the Orb.
     0 | D:1      | Reached XP level 1. HP: 19/19 MP: 3/3
   272 | D:1      | Reached skill level 1 in Armour
   272 | D:1      | Reached XP level 2. HP: 18/26 MP: 5/5
   663 | D:1      | Reached XP level 3. HP: 30/31 MP: 6/6
   893 | D:2      | Learned a level 2 spell: Blink
   897 | D:2      | Learned a level 3 spell: Teleport Other
  1263 | D:2      | Reached skill level 3 in Polearms
  1268 | D:2      | Reached XP level 4. HP: 23/40 MP: 7/7
  1294 | D:2      | HP: 2/40 [gnoll/+0 flail of protection (9)]
  1990 | D:2      | Identified the +11 spear of Ynneeste {vamp, Drain rF+++
                  | rCorr Str-5}
  2489 | D:3      | Noticed Natasha
  2495 | D:3      | Killed Natasha
  2496 | D:3      | Reached XP level 5. HP: 36/48 MP: 8/8
  2710 | D:3      | Found a burning altar of Makhleb.
  2752 | D:3      | Noticed Jessica
  2761 | D:3      | Killed Jessica
  2777 | D:3      | Found a bloodstained altar of Trog.
  2821 | D:3      | Found a hide-covered altar of Uskayaw.
  2914 | D:3      | Noticed Natasha
  2918 | D:3      | Killed Natasha
  2920 | D:3      | Noticed Natasha
  2943 | D:3      | Killed Natasha
  2944 | D:3      | Reached skill level 4 in Polearms
  2944 | D:3      | Reached XP level 6. HP: 51/56 MP: 9/9
  3451 | D:4      | Noticed Robin
  3473 | D:4      | Killed Robin
  3570 | D:4      | Found a radiant altar of Vehumet.
  3573 | D:4      | Found an ancient bone altar of Kikubaaqudgha.
  3573 | D:4      | Found a shimmering blue altar of Sif Muna.
  3579 | D:4      | Got Kikubaaqudgha's Tome of Despair
  3638 | D:4      | Reached XP level 7. HP: 39/62 MP: 10/10
  3641 | D:4      | Reached skill level 5 in Polearms
  4028 | D:4      | Found a sacrificial altar of Ru.
  4271 | D:5      | Entered Level 5 of the Dungeon
  4392 | D:5      | Found a staircase to the Ecumenical Temple.
  4423 | Temple   | Entered the Ecumenical Temple
  4482 | Temple   | Became a worshipper of Cheibriados the Contemplative
  4860 | D:5      | Reached XP level 8. HP: 70/73 MP: 11/11
  5007 | D:5      | Reached skill level 6 in Polearms
  5506 | D:6      | Found a shimmering altar of Xom.
  5593 | D:6      | Found a shimmering altar of Xom.
  5593 | D:6      | Found a shimmering altar of Xom.
  5593 | D:6      | Found a shimmering altar of Xom.
  5594 | D:6      | Found a shimmering altar of Xom.
  6104 | D:6      | Reached skill level 5 in Fighting
  6106 | D:6      | Noticed a wraith
  6106 | D:6      | Noticed Pikel
  6134 | D:7      | Killed a wraith
  6135 | D:7      | Reached skill level 7 in Polearms
  6509 | D:7      | Reached XP level 9. HP: 81/81 MP: 12/12
  6639 | D:7      | Reached * piety under Cheibriados
  7175 | D:7      | Found a hazy altar of Hepliaklqana.
  7488 | D:7      | Noticed a deep elf pyromancer
  7497 | D:7      | Killed a deep elf pyromancer
  7498 | D:7      | Reached skill level 8 in Polearms
  7743 | D:8      | Reached ** piety under Cheibriados
  7888 | D:8      | Reached skill level 5 in Dodging
  7977 | D:8      | Learned a level 2 spell: Lesser Beckoning
  8031 | D:8      | Noticed a two-headed ogre
  8039 | D:8      | Identified the +6 scale mail of Feasting {rN+ Regen+ Int+2}
  8044 | D:8      | Killed a two-headed ogre
  8044 | D:8      | Reached *** piety under Cheibriados
  8045 | D:8      | Reached XP level 10. HP: 29/91 MP: 13/15
  8053 | D:8      | HP: 2/87 [wight/+4 war axe (4)]
  8054 | D:8      | Slain by a wight

Illustrated notes

Levels and vault maps discovered:
D:1:      mrwooster_arrival_arrow, layout_loops_ring
D:2:      layout_loops_ring
D:3:      layout_basic, mainiacjoe_overflow_boulevard, bloody_trog,
          marbit_many_paths, uniq_natasha, uniq_jessica
D:4:      nicolae_cairo_tiling_large, layout_rooms,
          grunt_temple_overflow_magic_moments, nicolae_ru_sacrificial_ziggurat,
          serial_corexii_hall, chequers_hall_statues_wall_a,
          corexii_hall_statues_u, minmay_bisected, uniq_robin
D:5:      layout_basic, temple_pool_b, serial_bayou_lagoon_a,
          dreamdust_mushroom_princess, chequers_serial_rivers_small_3
D:6:      layout_basic, xom_redecorated, hangedman_decor_opposing,
          minmay_manual_mail, uniq_pikel
D:7:      layout_layer_cave, nicolae_hepliaklqana_hazy_memory,
          guppyfry_early_elven_hall
D:8:      layout_loops_ring
Temple:   hellmonk_temple_flake

Skill      XL: |  1  2  3  4  5  6  7  8  9 |
---------------+----------------------------+-----
Armour         | 1 2 3 4 |  4.0
Dodging        | 2 3 4 5 |  5.2
Polearms       | 3 4 5 7 8 |  8.9
Fighting       | 3 4 5 6 |  6.3
Spellcasting   | 3 |  3.6
Translocations | 4 |  4.5
Throwing       | |  0.8

Action                     |  1- 3 |  4- 6 |  7- 9 | 10-12 || total
---------------------------+-------+-------+-------+-------++-------
  Melee: Spear             |   115 |   121 |   282 |     6 ||   524
         Punch             |     1 |       |       |       ||     1
         Halberd           |       |    41 |       |       ||    41
         Unarmed           |       |     1 |       |       ||     1
  Throw: Boomerang         |       |       |     1 |       ||     1
   Cast: Lesser Beckoning  |       |       |     1 |       ||     1
         Blink             |       |       |       |     1 ||     1
Ability: Spit Poison       |     9 |    12 |    30 |       ||    51
    Use: Scroll            |     1 |     2 |    11 |     1 ||    15
         Potion            |     1 |       |       |       ||     1
 Armour: Scale mail        |    23 |    48 |    43 |     1 ||   115
         Leather armour    |     2 |       |       |       ||     2
         Skin              |       |     2 |       |       ||     2
  Dodge: Dodged            |    25 |    47 |    79 |     1 ||   152
  Block: Buckler           |       |     2 |    25 |       ||    27

Table legend: (Time is in decaauts)
 A = Elapsed time spent in this place.
 B = Non-inter-level travel time spent in this place.
 C = Inter-level travel time spent in this place.
 D = Time resting spent in this place.
 E = Time spent auto-exploring this place.
 F = Levels seen in this place.
 G = Mean time per level.
                   A        B        C        D        E       F      G
               +--------+--------+--------+--------+--------+-----+--------+
         Total |  11308 |  11105 |    203 |   1709 |   7624 |   9 | 1256.4 |
       Dungeon |  11017 |  10828 |    189 |   1709 |   7385 |   8 | 1377.1 |
        Temple |    290 |    276 |     14 |      0 |    239 |   1 |  290.0 |
               +--------+--------+--------+--------+--------+-----+--------+

Top non-repeatable levels by time:
     D:7: 2617 daAuts
     D:2: 1882 daAuts
     D:5: 1836 daAuts
     D:3: 1414 daAuts
     D:4: 1036 daAuts
     D:1: 877 daAuts
     D:6: 742 daAuts
     D:8: 609 daAuts
  Temple: 290 daAuts
